 Dungeon Crawl Stone Soup version 0.30-a0-778-g2ef04afb54 (webtiles) character file.

Game seed: 2465853564161739013

624 mopl the Magician (level 7, -2/46 HPs)
             Began as a Mummy Fire Elementalist on Feb 15, 2023.
             Shot with an arrow by a centaur (8 damage)
             ... on level 5 of the Dungeon.
             The game lasted 00:04:54 (3611 turns).

mopl the Magician (Mummy Fire Elementalist)         Turns: 3611, Time: 00:04:55

Health: -2/46      AC:  2    Str: 11    XL:     7   Next: 22%
Magic:  13/15      EV: 12    Int: 17    God:
Gold:   208        SH:  0    Dex: 12    Spells: 7/17 levels left

rFire   x . .      SeeInvis +    a - +9 spear "Ogrebane" {venom, rN+ Will+ SInv}
rCold   + + .      Faith    +    (no shield)
rNeg    + + +      Spirit   .    j - +0 robe
rPois   ∞          Reflect  .    (no helmet)
rElec   .          Harm     .    (no cloak)
rCorr   .          Rampage  .    (no gloves)
Will    +....                    (no boots)
Stlth   ++                       (no amulet)
HPRegen 0.27/turn                f - ring of protection from cold
MPRegen 0.14/turn                (no ring)

@: no status effects
A: cold resistance 1, negative energy resistance 3, torment resistance 2, heat
vulnerability 1, in touch with death 1, no potions, faith
a: no special abilities


You were on level 5 of the Dungeon.
You visited 1 branch of the dungeon, and saw 5 of its levels.

You collected 208 gold pieces.

Inventory:

Hand Weapons
 a - the +9 spear "Ogrebane" (weapon) {venom, rN+ Will+ SInv}
   (You found it on level 2 of the Dungeon)

   rN:        It protects you from negative energy.
   SInv:      It lets you see invisible.
   Will:      It increases your willpower.
 d - a +0 spear
Missiles
 k - 3 javelins
 n - 9 poisoned darts
 s - 5 silver boomerangs
Armour
 j - a +0 robe (worn)
Jewellery
 f - a ring of protection from cold (left hand)
 q - the ring of Cepil {Ice Int+3}
   (You found it on level 4 of the Dungeon)

   [ring of ice]

   It enhances your ice magic.
   Int:       It affects your intelligence (+3).
   rF:        It makes you vulnerable to fire.
   rC:        It protects you from cold.
Wands
 g - a wand of mindburst (9)
 i - a wand of roots (8)
 o - a wand of polymorph (1)
Scrolls
 b - a scroll of fog {unknown}
 c - 4 scrolls of identify {unknown}
 e - a scroll of noise {unknown}
 h - 2 scrolls of teleportation {unknown}
 l - a scroll of immolation {unknown}
 m - a scroll of magic mapping {unknown}
 p - a scroll of silence {unknown}
 r - a scroll of brand weapon {unknown}


   Skills:
 - Level 1.5 Dodging
 - Level 1.5 Stealth
 + Level 5.5 Spellcasting
 + Level 3.2 Conjurations
 + Level 2.7 Translocations
 + Level 4.0 Fire Magic


You had 7 spell levels left.
You knew the following spells:

 Your Spells              Type           Power      Damage    Failure   Level
a - Foxfire               Conj/Fire      68%        2x1d7     3%          1
b - Scorch                Fire           36%        2d7       3%          2
c - Kindle Blastsparks    Fire/Tloc/Air  24%        2d12      16%         3
f - Flame Wave            Conj/Fire      17%        2d7       30%         4

Your spell library contained the following spells:

 Spells                   Type           Power      Damage    Failure   Level
 Inner Flame              Hex/Fire       11%        N/A       17%         3


Dungeon Overview and Level Annotations

Branches:
Dungeon (5/15)             Temple (0/1) D:5

Altars:
Qazlal


Innate Abilities, Weirdness & Mutations

You are immune to poison.
Your flesh is cold resistant. (rC+)
You are immune to negative energy. (rN+++)
You are immune to unholy pain and torment.
You are vulnerable to heat. (rF-)
You are in touch with the powers of death.
You do not drink.
You have a special connection with the divine. (Faith)


Message History

There is an entrance to an ossuary on this level.
Hurry and find it before the portal is buried!
There is a stone staircase leading up here.
A sourceless malevolence fills the Dungeon... and a teleportation trap spontaneously manifests!
You are yanked towards a nearby monster!
Your surroundings suddenly seem different.
An iguana comes into view.
Found 12 gold pieces.
Found a staircase to the Ecumenical Temple.
The iguana hisses angrily.
You hit the iguana.
The iguana is poisoned.
The iguana is lightly wounded.
The iguana closely misses you.
You hit the iguana but do no damage.
The iguana is moderately wounded.
The iguana bites you!
You hit the iguana.
The iguana looks as sick as possible!
The iguana is heavily wounded.
The iguana bites you!
You are too injured to fight recklessly!
You are too injured to fight recklessly!
You are too injured to fight recklessly!
You hit the iguana.
The iguana looks as sick as possible!
The iguana is severely wounded.
The iguana barely misses you.
Casting: Scorch (safe; 3% risk of failure)
Confirm with . or Enter, or press ? or * to list all spells.
Flames lash the iguana.
You kill the iguana!
You hear a shout!
A centaur comes into view.
The centaur shouts!
The centaur wields a +0 shortbow.
The centaur shoots an arrow.
The arrow hits you!
* * * LOW HITPOINT WARNING * * *
The centaur shoots an arrow.
The arrow misses you.
Found a ring mail.
The centaur shoots an arrow.
The arrow hits you!
* * * LOW HITPOINT WARNING * * *
There is a fountain of clear blue water here.
The centaur shoots an arrow.
The arrow hits you!
You die...

##. #..#........ ..
#.#....#.... .##
#.###.##..#.....
#..###...#.#.........
#..#...#........#...
#...........⌠.......
..$..#.............
#..##..⌠.@.⌠.....
#...........[..
#.......⌠.......
#...............
.....###.........
##..#.. ..#c......
#.##.##...#....... .#
#. .#......... .# # #


You could see a centaur.

Vanquished Creatures
  Sigmund (D:3)
  An ice beast (D:4)
  A phantom (D:3)
  A scorpion (D:4)
  3 iguanas
  Ijyb (D:4)
  4 adders
  2 worms (D:4)
  2 dart slugs
  An orc (D:4)
  6 bats
  13 endoplasms
  2 giant cockroaches
  9 goblins
  10 hobgoblins
  6 jackals
  9 kobolds
  5 quokkas
  6 ball pythons
  5 frilled lizards
  3 rats
91 creatures vanquished.

Vanquished Creatures (others)
  160 foxfires
160 creatures vanquished.

Grand Total: 251 creatures vanquished

Notes
Turn   | Place    | Note
-------+----------+-------------------------------------------
     0 | D:1      | mopl the Mummy Fire Elementalist began the quest for the
                  | Orb.
     0 | D:1      | Reached XP level 1. HP: 13/13 MP: 4/4
    40 | D:1      | Reached skill level 1 in Conjurations
   221 | D:1      | Reached skill level 3 in Spellcasting
   221 | D:1      | Reached XP level 2. HP: 14/19 MP: 1/6
   265 | D:1      | Learned a level 2 spell: Scorch
   808 | D:1      | Gained mutation: You are in touch with the powers of death.
                  | [Mummy growth]
   808 | D:1      | Reached XP level 3. HP: 24/24 MP: 4/7
   812 | D:1      | Learned a level 3 spell: Kindle Blastsparks
  1582 | D:2      | Reached skill level 3 in Fire Magic
  1588 | D:2      | Reached XP level 4. HP: 30/30 MP: 2/9
  1763 | D:2      | Identified the +9 spear "Ogrebane" {venom, rN+ Will+ SInv}
  2029 | D:3      | Noticed Sigmund
  2151 | D:3      | Killed Sigmund
  2152 | D:3      | Reached skill level 4 in Spellcasting
  2152 | D:3      | Reached skill level 2 in Conjurations
  2152 | D:3      | Reached skill level 1 in Translocations
  2152 | D:3      | Reached XP level 5. HP: 30/35 MP: 9/11
  2268 | D:3      | Noticed a phantom
  2275 | D:3      | Killed a phantom
  2276 | D:3      | Reached skill level 2 in Translocations
  2276 | D:3      | Reached XP level 6. HP: 34/41 MP: 1/13
  2508 | D:3      | Found a stormy altar of Qazlal.
  2685 | D:3      | Found a faded altar of an unknown god.
  2799 | D:4      | Noticed Ijyb
  2805 | D:4      | Killed Ijyb
  2836 | D:4      | Identified the ring of Cepil {Ice Int+3}
  2858 | D:4      | Reached skill level 5 in Spellcasting
  3090 | D:4      | Reached skill level 3 in Conjurations
  3106 | D:4      | Noticed an ice beast
  3131 | D:4      | Killed an ice beast
  3132 | D:4      | Reached skill level 4 in Fire Magic
  3132 | D:4      | Reached XP level 7. HP: 46/46 MP: 7/15
  3191 | D:4      | Learned a level 4 spell: Flame Wave
  3579 | D:5      | Entered Level 5 of the Dungeon
  3599 | D:5      | Found a staircase to the Ecumenical Temple.
  3611 | D:5      | Shot with an arrow by a centaur

Illustrated notes

Levels and vault maps discovered:
D:1:      mrwooster_arrival_arrow, layout_basic
D:2:      minmay_general_purpose_star, layout_rooms, serial_bayou_pond_c,
          dk_vineyard_3, kennysheep_generic_room_7
D:3:      layout_loops_ring, amcnicky_altar_gilded,
          mainiacjoe_overflow_brackets, ebering_ecumenical_altar_abandoned,
          chequers_serial_rivers_small_a, uniq_sigmund
D:4:      layout_cave_pools, serial_forest, infiniplex_forest_lined_corner,
          infiniplex_forest_lined_3, infiniplex_forest_corner_1,
          infiniplex_forest_clump_small, minmay_misc_feat_tiny, uniq_ijyb
D:5:      layout_layer_cave, temple_fountains, nicolae_ossuary_entry_giza

Skill      XL: |  1  2  3  4  5  6 |
---------------+-------------------+-----
Conjurations   | 1 2 3 |  3.2
Spellcasting   | 3 4 5 |  5.5
Fire Magic     | 3 4 |  4.0
Translocations | 1 2 |  2.7
Dodging        | |  1.5
Stealth        | |  1.5

Action                     |  1- 3 |  4- 6 |  7- 9 || total
---------------------------+-------+-------+-------++-------
  Melee: Unarmed           |    25 |       |       ||    25
         Spear             |    21 |    57 |    21 ||    99
         Punch             |       |     1 |       ||     1
   Cast: Foxfire           |    93 |    10 |       ||   103
         Scorch            |       |     9 |     6 ||    15
   Stab: Sleeping          |       |     4 |       ||     4
 Armour: Robe              |    17 |     3 |     2 ||    22
  Dodge: Dodged            |    62 |    12 |    17 ||    91

Table legend: (Time is in decaauts)
 A = Elapsed time spent in this place.
 B = Non-inter-level travel time spent in this place.
 C = Inter-level travel time spent in this place.
 D = Time resting spent in this place.
 E = Time spent auto-exploring this place.
 F = Levels seen in this place.
 G = Mean time per level.
                   A        B        C        D        E       F      G
               +--------+--------+--------+--------+--------+-----+--------+
         Total |   3627 |   3517 |    110 |   1028 |   1813 |   5 |  725.4 |
       Dungeon |   3627 |   3517 |    110 |   1028 |   1813 |   5 |  725.4 |
               +--------+--------+--------+--------+--------+-----+--------+

Top non-repeatable levels by time:
     D:1: 1071 daAuts
     D:2: 1030 daAuts
     D:4: 803 daAuts
     D:3: 691 daAuts
     D:5: 32 daAuts
